 Dungeon Crawl Stone Soup version 0.30.1-3-gfc49f6343a (webtiles) character file.

Game seed: 277557273001228429

2781 Atelerd the Geomancer (level 9, -6/81 HPs)
             Began as an Octopode Earth Elementalist on Aug 2, 2023.
             Was an Initiate of Sif Muna.
             Mangled by a human
             ... wielding a +0 war axe
              (8 damage)
             ... in a bailey.
             The game lasted 00:12:57 (8122 turns).

Atelerd the Geomancer (Octopode Earth Elementalist) Turns: 8122, Time: 00:12:57

Health: -6/81      AC: 24    Str:  7    XL:     9   Next: 70%
Magic:  19/19      EV:  2    Int: 22    God:    Sif Muna [......]
Gold:   495        SH:  0    Dex: 12    Spells: 17/22 levels left

rFire   . . .        f - +5 hand axe of Gluttony {flame, +Blink}
rCold   . . .        (no shield)
rNeg    . . .        (helmet currently unavailable)
rPois   +            (no amulet)
rElec   .            (no ring)
rCorr   .            (no ring)
SInv    .            (no ring)
Will    .....        (no ring)
Stlth   +++          (no ring)
HPRegen 0.33/turn    (no ring)
MPRegen 0.16/turn    (no ring)
                     (no ring)

%: no passive effects
@: brilliant, tree-form (expiring), on berserk cooldown, slowed, very slow
A: stationary, stasis, torment immunity, boosted hp, almost no armour,
(amphibious), 8 rings, (camouflage 1), (gelatinous body 1), (nimble swimmer 1),
(tentacles)
a: Renounce Religion, Evoke Blink


You were in a bailey.
You worshipped Sif Muna.
Sif Muna was noncommittal.
You were a tree.
You visited 2 branches of the dungeon, and saw 9 of its levels.
You also visited: Bailey.

You collected 506 gold pieces.
You spent 11 gold pieces at shops.

Inventory:

Hand Weapons
 b - a +0 short sword
 f - the +5 hand axe of Gluttony (weapon) {flame, +Blink}
   (You took it off a centaur on level 8 of the Dungeon)

   +Blink:    It lets you blink.
 h - a +1 vampiric short sword
 D - a +4 dagger
Jewellery
 i - a ring of ice
 o - a ring of flight
 q - a ring of protection from cold
 s - a ring of positive energy
 E - a +4 ring of slaying
 F - an amulet of the acrobat
Wands
 n - a wand of digging (7)
 C - a wand of iceblast (12)
 G - a wand of paralysis (10)
Scrolls
 d - 4 scrolls of enchant armour
 e - a scroll of noise
 k - 4 scrolls of fog
 p - 4 scrolls of teleportation
 u - a scroll of brand weapon
 w - a scroll of blinking
 x - a scroll of immolation
 y - a scroll of poison
 A - a scroll of vulnerability
 B - 4 scrolls of enchant weapon
Potions
 a - a potion of magic
 c - a potion of haste {unknown}
 g - a potion of ambrosia {unknown}
 j - 2 potions of attraction {unknown}
 l - 2 potions of brilliance
 r - a potion of lignification
 t - 2 potions of curing {unknown}
 v - 3 potions of might {unknown}
 z - a potion of heal wounds {unknown}
 H - 2 potions of cancellation {unknown}


   Skills:
 - Level 2.0 Fighting
 - Level 2.0 Short Blades
 - Level 4.0 Dodging
 - Level 7.0 Stealth
 + Level 7.2 Spellcasting
 - Level 3.0 Transmutations
 + Level 8.3 Earth Magic


You had 17 spell levels left.
You knew the following spells:

 Your Spells              Type           Power      Damage    Failure   Level
a - Sandblast             Erth           100%       2d20      1%          1
p - Petrify               Tmut/Erth      49%        N/A       8%          4

Your spell library contained the following spells:

 Spells                   Type           Power      Damage    Failure   Level
 Passwall                 Tmut/Erth      40%        N/A       1%          2
 Stone Arrow              Conj/Erth      78%        3d11      4%          3
 Lesser Beckoning         Tloc           22%        N/A       12%         2
 Gell's Gravitas          Tloc           11%        N/A       24%         3
 Inner Flame              Hex/Fire       11%        N/A       24%         3
 Teleport Other           Tloc           11%        N/A       24%         3
 Yara's Violent Unravell  Hex/Tmut       10%        3d6       77%         5
 Enfeeble                 Hex            5%         N/A       100%        7
 Lehudib's Crystal Spear  Conj/Erth      19%        10d6      100%        8
 Animate Armour           Summ/Erth      Unusable   N/A       N/A         4

Dungeon Overview and Level Annotations

Branches:
Dungeon (8/15)             Temple (1/1) D:7          Bailey (1/1)
   Lair: D:8-11

Altars:
Ashenzari
Cheibriados
Elyvilon
Fedhas
Gozag
Hepliaklqana
Kikubaaqudgha
Makhleb
Nemelex Xobeh
Okawaru
Qazlal
Ru
Sif Muna
Trog
Uskayaw
Vehumet
Wu Jian
Yredelemnul
Zin

Shops:
D:1 *   D:2 [   D:5 *   D:6 =

Annotations:
D:7 exclusion: downstairs
D:8 Gastronok


Innate Abilities, Weirdness & Mutations

You are a tree.
Your roots penetrate the ground, keeping you stationary.
You cannot be teleported.
You are immune to unholy pain and torment.
Your maximum health is greatly increased.
You cannot wear most types of armour.
((You are amphibious.))
You can wear up to eight rings at the same time.
((Your skin changes colour to match your surroundings (Stealth+).))
((Your rubbery body absorbs attacks. (AC +1, EV +1)))
((You are camouflaged when in or above water. (Stealth+)))
((You have tentacles for arms and can constrict up to eight enemies at once.))


Message History

It was a potion of berserk rage.
A red film seems to cover your vision as you go berserk!
You feel yourself moving faster!
You feel mighty!
You closely miss the human.
The human is heavily wounded.
The human hits you but does no damage.
You hit the human. You burn the human.
The human is severely wounded.
You slash the human! You burn the human.
The human is almost dead.
The human hits you but does no damage.
You hit the human. You burn the human.
You kill the human!
Sif Muna accepts your kill.
You barely miss the hobgoblin. The hobgoblin completely misses you.
You barely miss the hobgoblin. The hobgoblin barely misses you.
You hit the hobgoblin. You burn the hobgoblin.
The hobgoblin is moderately wounded.
The hobgoblin hits you with a +0 hand axe.
* * * LOW HITPOINT WARNING * * *
You barely miss the hobgoblin.
The hobgoblin is moderately wounded.
You slash the hobgoblin! You burn the hobgoblin.
You kill the hobgoblin!
Sif Muna accepts your kill.
You closely miss the human. The human hits you but does no damage.
You hit the human. You burn the human.
The human is lightly wounded.
Your transformation is almost over.
The human hits you but does no damage.
You completely miss the human.
The human is lightly wounded.
The human hits you with a +0 war axe!
* * * LOW HITPOINT WARNING * * *
You closely miss the human.
The human is lightly wounded.
You are no longer berserk.
You are exhausted.
You feel yourself slow down. The human hits you with a +0 war axe!
You die...

#### .....
#####
......##...##
#....p♣.∩..#
######[....#
+..∩..#
##...## #####


You could see a human.

Vanquished Creatures
  2 humans (Bailey)
  A steam dragon (D:8)
  2 water moccasins (D:7)
  A sky beast (D:7)
  2 black bears (D:6)
  An ogre (D:6)
  4 centaurs
  A kobold brigand (D:7)
  5 scorpions
  4 wights (D:7)
  An electric eel (D:7)
  2 jellies
  2 orc priests (D:6)
  A gnoll bouda (D:5)
  9 hounds
  Crazy Yiuf (D:4)
  2 iguanas
  3 orc wizards
  A sleepcap (D:5)
  8 gnolls
  12 adders
  A shadow imp (D:5)
  A white imp (D:5)
  An ufetubus (D:6)
  2 worms (D:4)
  3 dart slugs
  9 orcs
  5 endoplasms
  2 giant cockroaches
  7 goblins
  4 hobgoblins
  4 jackals
  A quokka (D:4)
  2 ball pythons
  13 bats
  3 frilled lizards
  9 kobolds
  6 rats
138 creatures vanquished.

Notes
Turn   | Place    | Note
-------+----------+-------------------------------------------
     0 | D:1      | Atelerd the Octopode Earth Elementalist began the quest for
                  | the Orb.
     0 | D:1      | Reached XP level 1. HP: 11/11 MP: 3/3
     0 | D:1      | Noticed an ogre
     1 | D:1      | Noticed a minotaur
     2 | D:1      | Noticed a troll
     4 | D:1      | Noticed a minotaur
     6 | D:1      | Noticed a gargoyle
     9 | D:1      | Noticed a demonspawn
    11 | D:1      | Noticed a vampire
    11 | D:1      | Noticed a naga
    13 | D:1      | Noticed a troll
    13 | D:1      | Noticed a felid
    15 | D:1      | Noticed a felid
    15 | D:1      | Noticed an octopode
    15 | D:1      | Noticed an elf
    17 | D:1      | Noticed a human
    17 | D:1      | Noticed a gargoyle
    17 | D:1      | Noticed a vampire
    19 | D:1      | Noticed a ghoul
   170 | D:1      | Reached XP level 2. HP: 14/17 MP: 1/5
   344 | D:1      | Found Meysk's General Store.
   360 | D:1      | Bought a scroll of noise for 11 gold pieces
   651 | D:1      | Reached XP level 3. HP: 21/21 MP: 4/6
   770 | D:2      | Found Dedica's Antique Armour Boutique.
  1100 | D:2      | Reached XP level 4. HP: 27/27 MP: 6/8
  1202 | D:2      | Found a faded altar of an unknown god.
  2174 | D:3      | Reached skill level 4 in Earth Magic
  2676 | D:4      | Identified the +0 spear of Vycomm {protect, rElec rF- Dex+5
                  | Stlth-}
  2697 | D:4      | Reached skill level 1 in Short Blades
  2697 | D:4      | Reached XP level 5. HP: 32/32 MP: 6/9
  2878 | D:4      | Reached skill level 1 in Fighting
  3040 | D:5      | Entered Level 5 of the Dungeon
  3040 | D:5      | Found a snail-covered altar of Cheibriados.
  3043 | D:5      | Reached XP level 6. HP: 9/38 MP: 2/10
  3199 | D:5      | Learned a level 4 spell: Petrify
  3253 | D:5      | Reached skill level 5 in Earth Magic
  3358 | D:5      | Found a burning altar of Makhleb.
  3364 | D:5      | Reached XP level 7. HP: 40/43 MP: 8/13
  3678 | D:5      | Found Bimips's Neck Hole.
  4058 | D:5      | Reached skill level 6 in Earth Magic
  4064 | D:5      | Reached skill level 5 in Spellcasting
  4107 | D:6      | Found Neco's Jewellery Shoppe.
  4304 | D:6      | Reached XP level 8. HP: 48/48 MP: 12/15
  4357 | D:6      | Found a hide-covered altar of Uskayaw.
  5526 | D:4      | Found a runed translucent door.
  5527 | D:4      | Noticed Crazy Yiuf
  5536 | D:4      | Killed Crazy Yiuf
  5819 | D:7      | Found a staircase to the Ecumenical Temple.
  5856 | Temple   | Entered the Ecumenical Temple
  6113 | Temple   | Became a worshipper of Sif Muna the Loreminder
  6317 | D:7      | Found an ancient bone altar of Kikubaaqudgha.
  6411 | D:7      | Reached skill level 7 in Earth Magic
  6468 | D:7      | Found a blossoming altar of Fedhas.
  6472 | D:7      | Reached skill level 5 in Stealth
  6634 | D:7      | Reached XP level 9. HP: 39/54 MP: 16/18
  7319 | D:7      | Found the +11 Singing Sword {sonic wave}
  7538 | D:8      | Noticed Gastronok
  7933 | D:8      | Identified the +5 hand axe of Gluttony {flame, +Blink}
  7942 | D:8      | Reached skill level 8 in Earth Magic
  7968 | D:8      | Found a flagged portal.
  8079 | Bailey   | Entered a bailey
  8121 | Bailey   | HP: 2/121 [human/+0 war axe (8)]
  8122 | Bailey   | Mangled by a human

Illustrated notes

Levels and vault maps discovered:
D:1:      shiori_arrival_whats_in_store_for_you, layout_rooms, serial_shops,
          nicolae_shop_stone, ebering_dispersal_statue_hall
D:2:      layout_rooms, dilly_ecumenical_altar_fadedgnrine, serial_shops,
          shop_fountains
D:3:      layout_basic, kennysheep_path_1, minmay_misc_feat_x,
          kennysheep_generic_room_16
D:4:      layout_rooms, corexii_hall_statues_x, uniq_crazy_yiuf_cottage
D:5:      layout_rooms, makhleb_heckhound_becter, lemuel_round_altar,
          nicolae_shop_sticking_my_neck_out
D:6:      layout_loops_corners, mainiacjoe_overflow_alcove_2, serial_shops,
          shop, nicolae_nh_ransacked_shop
D:7:      old_forge, layout_basic, mainiacjoe_overflow_small_starburst,
          mainiacjoe_overflow_24_doors, minmay_temple_entry_mini_moons,
          kennysheep_potato
D:8:      layout_gridville, nicolae_dithmenos_the_darkroom, enter_bailey_2,
          nzn_ghost_randoct, uniq_gastronok
Temple:   minmay_temple_curvy_branch
Bailey:   bailey_axe_froggy_fort_hellmonk, bailey

Skill      XL: |  1  2  3  4  5  6  7  8  9 |
---------------+----------------------------+-----
Transmutations | 2 3 |  3.0
Earth Magic    | 4 5 6 7 8 |  8.3
Spellcasting   | 3 4 5 6 7 |  7.2
Short Blades   | 1 2 |  2.0
Stealth        | 3 4 5 7 |  7.0
Fighting       | 1 2 |  2.0
Dodging        | 3 4 |  4.0

Action                     |  1- 3 |  4- 6 |  7- 9 || total
---------------------------+-------+-------+-------++-------
  Melee: Short sword       |    16 |    27 |    61 ||   104
         Tentacles         |     3 |     4 |    38 ||    45
         Constrict         |     4 |     9 |    13 ||    26
         Punch             |       |     1 |     2 ||     3
         Hand axe          |       |       |    30 ||    30
   Cast: Sandblast         |    37 |    57 |   112 ||   206
         Petrify           |       |       |    17 ||    17
    Use: Scroll            |       |     2 |     7 ||     9
         Potion            |       |     1 |     4 ||     5
   Stab: Sleeping          |       |     4 |     2 ||     6
         Petrified         |       |       |    14 ||    14
 Armour: Skin              |     5 |    19 |    10 ||    34
  Dodge: Dodged            |    19 |    45 |    71 ||   135
